 Dungeon Crawl Stone Soup version 0.30-a0-331-g8ab09dc110 (webtiles) character file.

Game seed: 1130944518470799727

152 sanka the Twirler (level 5, -11/43 HPs)
             Began as an Armataur Gladiator on Oct 29, 2022.
             Mangled by a gnoll
             ... wielding a +0 halberd
              (14 damage)
             ... on level 3 of the Dungeon.
             The game lasted 00:03:19 (1723 turns).

sanka the Twirler (Armataur Gladiator)              Turns: 1723, Time: 00:03:19

Health: -11/43     AC:  5    Str: 27    XL:     5   Next: 11%
Magic:  5/5        EV: 10    Int:  8    God:
Gold:   160        SH:  0    Dex: 12    Spells: 4/4 levels left

rFire   . . .      SeeInvis .    a - +0 quarterstaff
rCold   . . .      Faith    .    (shield currently unavailable)
rNeg    . . .      Spirit   .    b - +0 leather armour
rPois   .          Reflect  .    c - +0 helmet
rElec   .          Harm     .    (no cloak)
rCorr   .          Roll     +    (no gloves)
Will    .....                    (no barding)
Stlth   +.........               (no amulet)
HPRegen 0.27/turn                h - +6 ring of strength
MPRegen 0.09/turn                (no ring)

@: no status effects
A: large, rugged brown scales 3, deformed body, armoured tail, roll, long
tongue, awkward tongue
a: no special abilities


You were on level 3 of the Dungeon.
You visited 1 branch of the dungeon, and saw 3 of its levels.

You collected 160 gold pieces.


Innate Abilities, Weirdness & Mutations

You are completely covered in rugged brown scales. (AC +3, +7% HP)
Armour fits poorly on your strangely shaped body.
You have a long armoured tail.
You roll when moving toward enemies. (Rampage)
Your long tongue fully drains potion bottles. (2x potion effects)
Your tongue gives you trouble enunciating. (1.5x scroll delay)


   Skills:
 - Level 1.7 Fighting
 + Level 5.3 Staves
 - Level 1.7 Throwing
 - Level 2.1 Dodging


You had 4 spell levels left.
You didn't know any spells.
Your spell library contained the following spells:

 Spells                   Type           Power      Damage    Failure   Level
 Sublimation of Blood     Necr           0%         N/A       58%         2
 Petrify                  Tmut/Erth      0%         N/A       99%         4
 Irradiate                Conj/Tmut      0%         3d11      100%        5

Inventory:

Hand Weapons
 a - a +0 quarterstaff (weapon)
Missiles
 d - 3 throwing nets (quivered) {=f}
 e - 5 javelins
 l - 6 silver javelins
Armour
 b - a +0 leather armour (worn)
 c - a +0 helmet (worn)
 n - the +2 helmet of Hiugehimp {rElec rPois rF- Dex+7}

   Dex:       It affects your dexterity (+7).
   rF:        It makes you vulnerable to fire.
   rElec:     It insulates you from electricity.
   rPois:     It protects you from poison.
Jewellery
 h - a +6 ring of strength (left hand)
Scrolls
 f - a scroll of vulnerability {unknown}
 j - 2 scrolls of identify {unknown}
 k - a scroll of enchant armour {unknown}
 o - a scroll of teleportation {unknown}
 p - 3 scrolls of fog {unknown}
 r - a scroll of silence {unknown}
 s - a scroll of fear {unknown}
 t - 2 scrolls of immolation {unknown}
Potions
 g - a potion of berserk rage {unknown}
 i - 4 potions of curing {unknown}
 m - 2 potions of ambrosia {unknown}
 q - a potion of might {unknown}

Dungeon Overview and Level Annotations

Branches:
Dungeon (3/15)

Altars:
Ashenzari
Dithmenos
Vehumet

Shops:
D:3 (

Annotations:
D:2 Sigmund

▒▒....▒ ▒...▒ ▒▒.... ▒.▒▒
▒..▒▒▒▒ ▒▒▒.▒ ▒..▒.
.▒▒▒...▒▒.▒▒▒ ▒.▒ ▒.▒▒.
...▒▒......▒▒▒▒ ▒.▒▒▒ ▒.▒▒.
▒..▒▒.▒▒▒....▒▒▒▒...▒▒▒▒....
▒....▒ ▒▒▒...............▒.
▒▒...▒▒ ▒..▒▒..▒▒▒▒.▒▒.▒▒▒.
▒▒
▒▒.....▒▒▒.▒▒.............(.
.▒
▒▒..▒....gggH..▒...▒▒.▒▒.▒▒▒.
.▒ ▒.....▒...▒▒▒▒▒▒▒▒ ▒.▒▒.▒
▒. .▒▒▒▒.▒▒▒'▒▒▒+▒ ▒[▒▒.▒ .
......▒.▒g....▒ ▒..▒.▒ ▒
(.......▒g≈≈≈.▒ ▒▒.▒.▒ ▒
▒▒..[..▒▒.....▒▒▒ ...▒ ▒
)....g..'.._..'.▒ ▒.▒ ▒
▒.....▒▒▒.....▒.▒▒ ▒.▒ ▒
▒▒....▒ ▒.≈≈≈.▒..▒▒▒ ▒


You could see 3 gnolls.


Message History

You closely miss the gnoll. You tail-slap the gnoll.
You kill the gnoll!
The gnoll misses you. The gnoll closely misses you.
There is an open door here.
You open the door. The gnoll closely misses you.
There is an open door here.
There is a stone staircase leading down here.
There is a stone staircase leading up here.
You roll towards the gnoll!
You hit the gnoll.
The gnoll is severely wounded.
The gnoll barely misses you. The gnoll closely misses you.
You hit the gnoll but do no damage.
The gnoll is severely wounded.
The gnoll hits you with a +0 halberd.
The gnoll hits you from afar with a +0 halberd.
You completely miss the gnoll.
The gnoll is severely wounded.
The gnoll hits you with a +0 halberd!
* * * LOW HITPOINT WARNING * * *
The gnoll hits you from afar with a +0 halberd.
* * * LOW HITPOINT WARNING * * *
The gnoll hits you with a +0 halberd!
* * * LOW HITPOINT WARNING * * *
The gnoll hits you from afar with a +0 halberd!
You die...

Action                   |  1- 3 |  4- 6 || total
-------------------------+-------+-------++-------
Melee: Quarterstaff      |    91 |    47 ||   138
       Tailslap          |     6 |     9 ||    15
 Stab: Sleeping          |     1 |     1 ||     2
Armor: Leather armour    |    49 |    10 ||    59
Dodge: Dodged            |    40 |    29 ||    69

Levels and vault maps discovered:
D:1:      lemuel_arrival_broad_hall, layout_rooms, minmay_close_crescents
D:2:      layout_basic, basic_altar, minmay_shallow_snake_nest, uniq_sigmund
D:3:      layout_rooms, vehumet_statue, mainiacjoe_overflow_alcove_2,
          mainiacjoe_overflow_six_doors_small,
          nicolae_wu_jian_immortal_techniques, chequers_ecumenical_altar_simple,
          serial_shops, shop

Notes
Turn   | Place    | Note
-------+----------+-------------------------------------------
     0 | D:1      | sanka the Armataur Gladiator began the quest for the Orb.
     0 | D:1      | Reached XP level 1. HP: 18/18 MP: 1/1
    50 | D:1      | Reached skill level 3 in Staves
   127 | D:1      | Reached XP level 2. HP: 25/25 MP: 2/2
   183 | D:1      | Reached XP level 3. HP: 23/31 MP: 3/3
   281 | D:1      | Reached skill level 4 in Staves
   677 | D:2      | HP: 3/31 [ball python (1)]
   680 | D:2      | Reached XP level 4. HP: 5/38 MP: 4/4
   990 | D:2      | Identified the +2 helmet of Hiugehimp {rElec rPois rF-
                  | Dex+7}
  1018 | D:2      | Noticed Sigmund
  1025 | D:2      | Found a broken altar of Ashenzari.
  1452 | D:3      | Found Opranoj's Weapon Emporium.
  1525 | D:3      | Found a radiant altar of Vehumet.
  1528 | D:3      | Noticed a frost-covered statue
  1545 | D:3      | Killed a frost-covered statue
  1546 | D:3      | Reached skill level 5 in Staves
  1590 | D:3      | Reached XP level 5. HP: 34/43 MP: 5/5
  1666 | D:3      | Found a shadowy altar of Dithmenos.
  1678 | D:3      | Found a faded altar of an unknown god.
  1723 | D:3      | HP: 3/43 [gnoll/+0 halberd (9)]
  1723 | D:3      | Mangled by a gnoll

Vanquished Creatures
  An iguana (D:3)
  A statue (D:3)
  2 gnolls
  2 adders
  A worm (D:2)
  3 dart slugs
  6 endoplasms
  2 giant cockroaches (D:1)
  6 goblins
  2 hobgoblins (D:1)
  3 jackals (D:1)
  6 kobolds
  2 quokkas
  11 ball pythons
  5 bats
  3 frilled lizards
  2 rats
58 creatures vanquished.

Vanquished Creatures (others)
  3 fungi (D:2)
3 creatures vanquished.

Grand Total: 61 creatures vanquished
